 Dungeon Crawl Stone Soup version 0.32-a0-913-g739538afd8 (webtiles) character file.

Game seed: 10137461619285963914

3388 Adrian566 the Carver (level 9, -3/69 HPs)
             Began as a Vampire Gladiator on Apr 8, 2024.
             Asphyxiated
             ... on level 7 of the Dungeon.
             The game lasted 00:09:30 (7833 turns).

Adrian566 the Carver (Vampire Gladiator)            Turns: 7833, Time: 00:09:30

Health: -3/69      AC:  4    Str: 13    XL:     9   Next: 74%
Magic:  9/9        EV: 10    Int: 11    God:
Gold:   436        SH: 19    Dex: 19    Spells: 8/8 levels left

rFire   . . .        f - +2 falchion
rCold   . . .        w - +0 tower shield
rNeg    . . .        b - +0 leather armour
rPois   .            c - +0 helmet
rElec   .            (no cloak)
rCorr   .            (no gloves)
SInv    +            (no boots)
Will    .....        l - amulet of reflection
Stlth   ++           (no ring)
HPRegen 0.51/turn    (no ring)
MPRegen 0.11/turn

%: reflection
@: lethally poisoned (-3 -> -16), silenced, on berserk cooldown, healing
quickly, slowed, very slow
A: alive, fangs 3, see invisible, vampiric 2
a: Exsanguinate


You were on level 7 of the Dungeon.
You visited 1 branch of the dungeon, and saw 8 of its levels.
You also visited: Sewer.

You collected 436 gold pieces.

Inventory:

Hand Weapons
 a - a +0 long sword
 f - a +2 falchion (weapon)
 k - a +0 great sword
Missiles
 d - 5 throwing nets (quivered)
 e - a javelin
Armour
 b - a +0 leather armour (worn)
 c - a +0 helmet (worn)
 w - a +0 tower shield (worn)
Jewellery
 l - an amulet of reflection (around neck)
 o - a ring of positive energy
 p - a ring of wizardry
 r - a +5 ring of evasion
Wands
 g - a wand of flame (13)
 h - a wand of paralysis (8)
 j - a wand of warping (9)
 v - a wand of acid (12)
Scrolls
 m - 2 scrolls of amnesia
 s - 3 scrolls of teleportation
 t - a scroll of identify
Potions
 n - a potion of enlightenment


   Skills:
 + Level 5.7 Fighting
 + Level 9.4 Long Blades
 + Level 1.6 Throwing
 + Level 3.8 Armour
 + Level 6.3 Dodging
 + Level 5.1 Stealth
 + Level 3.6 Shields


You had 8 spell levels left.
You didn't know any spells.
Your spell library contained the following spells:

 Spells                   Type           Power      Damage    Failure   Level
 Apportation              Tloc           0%         N/A       100%        1
 Freeze                   Ice            0%         1d3       100%        1
 Summon Small Mammal      Summ           0%         N/A       100%        1
 Jinxbite                 Hex            0%         N/A       100%        2
 Call Canine Familiar     Summ           0%         N/A       100%        3
 Frozen Ramparts          Ice            0%         1d1       100%        3
 Hailstorm                Conj/Ice       0%         3d5       100%        3
 Volatile Blastmotes      Fire/Tloc      0%         2d10      100%        3
 Animate Armour           Summ/Erth      0%         N/A       100%        4
 Fulminant Prism          Conj/Alch      0%         3d5       100%        4
 Iskenderun's Mystic Bla Conj/Tloc 0%             2d3        (+2d1     100%        4
 Summon Blazeheart Golem  Fire/Summ      0%         N/A       100%        4
 Summon Lightning Spire   Summ/Air       0%         N/A       100%        4
 Alistair's Intoxication  Alch           0%         N/A       100%        5
 Lee's Rapid Deconstruct  Erth           0%         3d4*      100%        5
 Sculpt Simulacrum        Ice/Alch       0%         N/A       100%        6
 Ozocubu's Refrigeration  Ice            0%         4d7       100%        7
 Polar Vortex             Ice            0%         N/A       100%        9


Dungeon Overview and Level Annotations

Branches:
Dungeon (8/15)             Temple (0/1) D:7           Sewer (visited)
   Lair: D:8-11

Altars:
Cheibriados
Trog
Yredelemnul

Shops:
D:7 (

Annotations:
D:5 3 runed translucent doors, Aldia's ghost, novice MDFE; GiantSquids's ghost, novice MDFi


Innate Abilities, Weirdness & Mutations

Your natural rate of healing is accelerated.
You have razor-sharp teeth.
You have supernaturally acute eyesight. (SInv)
You are afflicted with vampirism and can become a bat while bloodless.


Message History

The kobold brigand hits you with a +0 dagger.
* * * LOW HITPOINT WARNING * * *
You block the kobold brigand's attack. x2
Unknown command.
As you read the scroll of fear, it crumbles to dust.
You assume a fearsome visage.
The kobold brigand looks frightened! x4
You feel sick.
The kobold brigand cowers, then darts away.
As you read the scroll of silence, it crumbles to dust.
A profound silence engulfs you.
You feel sick.
Magic scrolls do not work when you're silenced!
Magic scrolls do not work when you're silenced!
You feel sick.
The kobold brigand looks more healthy.
The kobold brigand is no longer moving slowly.
The kobold brigand throws a curare-tipped dart.
You block the curare-tipped dart with an invisible shield... and reflect it back!
The curare-tipped dart hits the kobold brigand.
The kobold brigand is poisoned.
The kobold brigand struggles to breathe.
The kobold brigand seems to slow down.
The kobold brigand throws a curare-tipped dart.
You block the curare-tipped dart with an invisible shield... and reflect it back!
The curare-tipped dart closely misses the kobold brigand.
Okay, then.
Magic scrolls do not work when you're silenced!
You feel sick.
You are no longer poisoned.
The kobold brigand throws a curare-tipped dart.
You block the curare-tipped dart with an invisible shield... and reflect it back!
The curare-tipped dart closely misses the kobold brigand.
The curare-tipped dart barely misses the kobold brigand.
The kobold brigand throws a curare-tipped dart.
You block the curare-tipped dart with an invisible shield... and reflect it back!
The curare-tipped dart completely misses the kobold brigand.
The curare-tipped dart barely misses the kobold brigand.
The kobold brigand throws a curare-tipped dart.
The curare-tipped dart hits you.
You are lethally poisoned!
You have difficulty breathing.
You die...

#.#.#.....# #...
#.#.'.###.)#
#...
#K).'.....[#
#...
#####K#.'.###..#
#...
#<..#.#.#K....#
#...
###.#.#.##~⌠~##
#...
#.#.#..#####
#... #.#.####
#... #.#@#
#######... #.#.#
#.....'... #.#.#
#.#####... #.#.#
#.# #...
#.#.#######.#
#...
#.#.........#
#...
###.###########
#...
#............#
#...
############.#
#...


You could see 2 kobold brigands.

Vanquished Creatures
  Pikel (D:7)
  The ghost of jestert79 the Martial Artist, a novice DgSh (D:7)
  A kobold demonologist (D:7)
  Menkaure (D:7)
  Duvessa (D:7)
  An orc warrior (D:7)
  2 black bears
  A lemure (D:7)
  2 phantoms
  3 bullfrogs
  A kobold brigand (D:7)
  2 brain worms (Sewer)
  3 scorpions
  Dowan (D:7)
  The ghost of EvilEddieB the Grave Robber, a weakling DsNe of Hepliaklqana (D:3)
  A bullfrog zombie (D:5)
  2 centaur zombies (D:5)
  4 hounds
  A jelly (D:5)
  A bombardier beetle (D:6)
  2 orc priests (D:8)
  A gnoll bouda (D:7)
  A sleepcap (D:7)
  An iguana (D:5)
  An orc wizard (D:8)
  A scorpion zombie (D:5)
  A hound zombie (D:5)
  Robin (D:2)
  5 adders
  3 gnolls (D:7)
  A river rat (Sewer)
  A shadow imp (D:5)
  2 white imps
  4 dart slugs
  3 ribbon worms
  6 orcs
  11 ball pythons
  3 bats
  3 endoplasms
  9 giant cockroaches
  10 goblins
  10 hobgoblins
  7 jackals
  8 kobolds
  4 quokkas
  7 frilled lizards
  13 rats
150 creatures vanquished.

Vanquished Creatures (collateral kills)
  An orc warrior (D:7)
  An ice beast (D:7)
  A lemure (D:7)
  A kobold brigand (D:7)
  An orc priest (D:7)
  An orc wizard (D:7)
  An orc (D:7)
  A kobold (D:7)
8 creatures vanquished.

Vanquished Creatures (others)
  A kobold brigand (D:7)
  An orc (D:7)
  A hobgoblin (D:3)
3 creatures vanquished.

Grand Total: 161 creatures vanquished

Notes
Turn   | Place    | Note
-------+----------+-------------------------------------------
     0 | D:1      | Adrian566 the Vampire Gladiator began the quest for the
                  | Orb.
     0 | D:1      | Reached XP level 1. HP: 16/16 MP: 1/1
    95 | D:1      | Reached XP level 2. HP: 22/22 MP: 2/2
   646 | D:1      | Gained mutation: You are afflicted with vampirism and can
                  | become a bat while bloodless. [Vampire growth]
   646 | D:1      | Reached XP level 3. HP: 27/27 MP: 3/3
  1113 | D:2      | Noticed Robin
  1183 | D:2      | Reached skill level 1 in Stealth
  1242 | D:2      | Reached skill level 1 in Armour
  1250 | D:2      | Killed Robin
  1251 | D:2      | Reached XP level 4. HP: 4/33 MP: 4/4
  1277 | D:2      | Reached skill level 4 in Long Blades
  1438 | D:2      | Identified the +0 ring mail "Etedohenn" {Fly Regen+}
  1676 | D:2      | Found a snail-covered altar of Cheibriados.
  1788 | D:3      | Found a runed translucent gate.
  1788 | D:3      | Found a runed translucent gate.
  1790 | D:3      | Found a runed translucent gate.
  1790 | D:3      | Noticed EvilEddieB's ghost (weakling DsNe)
  2835 | D:4      | Reached skill level 1 in Shields
  2835 | D:4      | Reached XP level 5. HP: 36/39 MP: 5/5
  3210 | D:4      | Noticed a black bear
  3222 | D:4      | Killed a black bear
  3223 | D:4      | Reached XP level 6. HP: 18/46 MP: 6/6
  3366 | D:5      | Entered Level 5 of the Dungeon
  3457 | D:5      | Reached skill level 5 in Long Blades
  3861 | D:5      | Reached XP level 7. HP: 31/51 MP: 7/7
  3924 | D:5      | Found a runed translucent gate.
  3924 | D:5      | Found a runed translucent gate.
  3924 | D:5      | Found a runed translucent gate.
  3925 | D:5      | Noticed Aldia's ghost (novice MDFE)
  3926 | D:5      | Noticed GiantSquids's ghost (novice MDFi)
  4102 | D:5      | Found a basalt altar of Yredelemnul.
  4809 | D:3      | Killed EvilEddieB's ghost
  5013 | D:6      | Reached skill level 6 in Long Blades
  5193 | D:6      | Found a glowing drain.
  5210 | Sewer    | Entered a sewer
  5455 | Sewer    | Reached skill level 5 in Dodging
  5667 | D:6      | You fall into a shaft and drop 2 floors!
  5691 | D:8      | Reached XP level 8. HP: 59/59 MP: 8/8
  6038 | D:7      | Reached skill level 7 in Long Blades
  6417 | D:7      | Found a staircase to the Ecumenical Temple.
  6454 | D:7      | Noticed Pikel
  6619 | D:7      | Killed Pikel
  6620 | D:7      | Reached skill level 8 in Long Blades
  6620 | D:7      | Reached XP level 9. HP: 40/67 MP: 9/9
  6721 | D:7      | Found a bloodstained altar of Trog.
  6739 | D:7      | Reached skill level 5 in Fighting
  6908 | D:7      | Noticed Menkaure
  6916 | D:7      | Killed Menkaure
  7090 | D:7      | Noticed Duvessa
  7099 | D:7      | Killed Duvessa
  7117 | D:7      | Noticed Dowan
  7127 | D:7      | Killed Dowan
  7333 | D:7      | Found a runed translucent gate.
  7333 | D:7      | Found a runed translucent gate.
  7333 | D:7      | Noticed jestert79's ghost (novice DgSh)
  7334 | D:7      | Found a runed translucent gate.
  7334 | D:7      | Noticed a kobold demonologist
  7429 | D:7      | Found Olec's Weapon Emporium.
  7802 | D:7      | Noticed a red devil
  7808 | D:7      | Killed a kobold demonologist
  7809 | D:7      | Reached skill level 9 in Long Blades
  7819 | D:7      | Killed jestert79's ghost
  7825 | D:7      | Reached skill level 5 in Stealth
  7830 | D:7      | HP: 3/69 [poisoned by a kobold brigand (curare-tipped
                  | dart)]
  7833 | D:7      | Asphyxiated

Illustrated notes

Levels and vault maps discovered:
D:1:      wander_arrival_desolate, layout_loops_corners
D:2:      minmay_roachtagon, layout_loops_ring, basic_altar, uniq_robin
D:3:      layout_rooms, gammafunk_ghost_split, kennysheep_small_spiral,
          minmay_goblin_kobold_house
D:4:      layout_gridville
D:5:      layout_loops_cross, nicolae_yredelemnul_corpse_copse,
          gammafunk_ghost_cemetery
D:6:      layout_loops_ring, nicolae_hepliaklqana_monster_ancestors,
          nicolae_overflow_squiral, serial_shops, nicolae_shop_window_shopping,
          portal_sewer_entry_f, hangedman_abyss_or_decor_slice,
          kennysheep_generic_room_11
D:7:      layout_basic, mainiacjoe_overflow_paths,
          minmay_temple_entry_statues_fountains, gammafunk_ghost_nasty_kobolds,
          serial_shops, shop, minivault_10, uniq_menkaure, uniq_pikel,
          uniq_duvessa
D:8:      layout_loops_corners, david_lair_shrubbed, serial_shops,
          nicolae_shop_tiny_real_fake_doors

Skill      XL: |  1  2  3  4  5  6  7  8  9 |
---------------+----------------------------+-----
Fighting       | 2 3 4 5 |  5.7
Stealth        | 1 2 3 5 |  5.1
Armour         | 1 2 3 |  3.8
Long Blades    | 4 5 6 8 9 |  9.4
Dodging        | 4 5 6 |  6.3
Shields        | 1 2 3 |  3.6
Throwing       | |  1.6

Action                     |  1- 3 |  4- 6 |  7- 9 || total
---------------------------+-------+-------+-------++-------
  Melee: Falchion          |   124 |   196 |   282 ||   602
         Bite              |     6 |    22 |    45 ||    73
         Great sword       |       |       |    61 ||    61
    Use: Scroll            |     7 |     1 |    14 ||    22
         Potion            |       |     2 |     7 ||     9
   Stab: Sleeping          |     4 |     2 |       ||     6
         Invisible         |       |     1 |     8 ||     9
         Distracted        |       |     1 |       ||     1
 Armour: Leather armour    |   114 |   124 |   216 ||   454
  Dodge: Dodged            |   124 |   106 |   214 ||   444
  Block: Other             |    36 |    54 |    74 ||   164
         Reflection        |     1 |     2 |     9 ||    12
         Tower shield      |       |       |    26 ||    26

Table legend: (Time is in decaauts)
 A = Elapsed time spent in this place.
 B = Non-inter-level travel time spent in this place.
 C = Inter-level travel time spent in this place.
 D = Time resting spent in this place.
 E = Time spent auto-exploring this place.
 F = Levels seen in this place.
 G = Mean time per level.
                   A        B        C        D        E       F      G
               +--------+--------+--------+--------+--------+-----+--------+
         Total |   7941 |   7186 |    755 |    852 |   4839 |   9 |  882.3 |
       Dungeon |   7478 |   6723 |    755 |    852 |   4539 |   8 |  934.8 |
         Sewer |    462 |    462 |      0 |      0 |    300 |   1 |  462.0 |
               +--------+--------+--------+--------+--------+-----+--------+

Top non-repeatable levels by time:
     D:7: 1994 daAuts
     D:4: 1394 daAuts
     D:1: 978 daAuts
     D:3: 936 daAuts
     D:5: 875 daAuts
     D:2: 782 daAuts
   Sewer: 462 daAuts
     D:6: 313 daAuts
     D:8: 203 daAuts
